 Dungeon Crawl Stone Soup version 0.26-a0-23-g3ae7099 (webtiles) character file.

Game seed: 17477998800528332125, levelgen mode: deterministic

88303 thirtiethelement the Fighter (level 15, -5/120 HPs)
             Began as a Gnoll Abyssal Knight on May 26, 2020.
             Was the Champion of Lugonu.
             Shot with an arrow by a naga sharpshooter (19 damage)
             ... led by Vashnia
             ... on level 2 of the Snake Pit.
             The game lasted 02:06:57 (19557 turns).

thirtiethelement the Fighter (GnAK)                Turns: 19557, Time: 02:06:58

Health: -5/120     AC: 20    Str: 23    XL:     15   Next: 93%
Magic:  6/20       EV: 17    Int: 31    God:    Lugonu [******]
Gold:   1718       SH: 12    Dex: 15    Spells: 12/34 levels left

rFire    . . .     SeeInvis +   d - +7 scimitar "Ryuthrue" {pain, rElec rF- MP-9 Int+8}
rCold    . . .     Gourm    .   J - +0 kite shield
rNeg     + . .     Faith    .   Z - +2 ring mail {rPois}
rPois    +         Spirit   .   R - +2 helmet
rElec    +         Reflect  .   a - +2 cloak of the Unseen Realm {*Drain Regen+ Int+7 SInv}
rCorr    .         Harm     .   (no gloves)
MR       ++...                  C - +2 pair of boots
Stlth    ++++......             M - amulet of regeneration
HPRegen  1.10/turn              e - ring "Yceisch" {*Drain rF+ rN+ MR+ Str+4}
MPRegen  0.17/turn              u - +4 ring of slaying

@: lethally poisoned (-5 -> -5)
A: distributed training, fangs 1, strong nose
a: Depart the Abyss, Bend Space, Banish, Corrupt, Enter the Abyss, Brand Weapon
With Distortion, Renounce Religion


You were on level 2 of the Snake Pit.
You worshipped Lugonu.
Lugonu was exalted by your worship.
You were not hungry.

You visited 6 branches of the dungeon, and saw 23 of its levels.
You visited the Abyss 1 time.
You also visited: Sewer.

You collected 2372 gold pieces.
You spent 654 gold pieces at shops.

Inventory:

Hand Weapons
 d - the +7 scimitar "Ryuthrue" (weapon) {pain, rElec rF- MP-9 Int+8}
   (You found it on level 1 of the Abyss)

   In the hands of one skilled in necromantic magic, it inflicts extra damage on
   living creatures.
   It affects your intelligence (+8).
   It makes you vulnerable to fire.
   It insulates you from electricity.
   It affects your magic capacity (-9).
 i - the +9 trident "Qeraubof" {flame, rPois rC+ Dex-3}
   (You found it on level 6 of the Dungeon)

   It has been specially enchanted to burn those struck by it, causing extra
   injury to most foes and up to half again as much damage against particularly
   susceptible opponents.
   It affects your dexterity (-3).
   It protects you from cold.
   It protects you from poison.
Missiles
 p - 4 atropa-tipped darts (quivered)
Armour
 a - the +2 cloak of the Unseen Realm (worn) {*Drain Regen+ Int+7 SInv}
   (You bought it in a shop on level 2 of the Orcish Mines)

   It affects your intelligence (+7).
   It lets you see invisible.
   It increases your rate of regeneration.
   It causes draining when unequipped.
 f - a +1 plate armour of fire resistance
 m - a +2 ring mail of positive energy
 C - a +2 pair of boots (worn)
 J - a +0 kite shield (worn)
 R - a +2 helmet (worn)
 Z - a +2 ring mail of poison resistance (worn)
Jewellery
 e - the ring "Yceisch" (left hand) {*Drain rF+ rN+ MR+ Str+4}
   (You found it on level 1 of the Abyss)

   [ring of protection from magic]

   It affects your strength (+4).
   It protects you from fire.
   It protects you from negative energy.
   It affects your resistance to hostile enchantments.
   It causes draining when unequipped.
 o - a +4 ring of evasion
 u - a +4 ring of slaying (right hand)
 x - an uncursed amulet of the acrobat
 A - an uncursed ring of positive energy
 F - an uncursed ring of ice
 M - an amulet of regeneration (around neck)
 N - an uncursed ring of protection from cold
 Q - an uncursed amulet of reflection
Wands
 b - a wand of paralysis (1)
 I - a wand of flame (9)
 P - a wand of clouds (5)
 S - a wand of iceblast (1)
 W - a wand of disintegration (8)
 Y - a wand of polymorph (13)
Scrolls
 g - a scroll of blinking
 h - a scroll of identify
 k - 14 scrolls of teleportation
 l - 6 scrolls of remove curse
 s - 4 scrolls of amnesia
 v - a scroll of summoning
 w - 5 scrolls of fog
 y - 3 scrolls of fear
 B - 2 scrolls of enchant weapon
 G - 3 scrolls of magic mapping
 H - a scroll of brand weapon
 U - 2 scrolls of silence
 X - 2 scrolls of enchant armour
Potions
 j - 4 potions of resistance
 n - a potion of might {unknown}
 r - 7 potions of flight
 t - a potion of ambrosia
 L - 2 potions of magic
Miscellaneous
 q - a phial of floods
 K - a phial of floods
 V - a lightning rod (3/4)
Comestibles
 c - 18 rations


   Skills:
 + Level 11.9 Fighting
 + Level 10.2 Short Blades
 + Level 10.2 Long Blades
 + Level 11.1 Axes
 + Level 10.2 Maces & Flails
 + Level 10.2 Polearms
 + Level 10.2 Staves
 + Level 10.2 Slings
 + Level 10.2 Bows
 + Level 10.2 Crossbows
 + Level 10.2 Throwing
 + Level 11.1 Armour
 + Level 10.5 Dodging
 + Level 10.2 Stealth
 + Level 10.2 Shields
 + Level 10.2 Unarmed Combat
 + Level 10.2 Spellcasting
 + Level 8.6 Conjurations
 + Level 8.6 Hexes
 + Level 8.6 Charms
 + Level 8.6 Summonings
 + Level 8.6 Necromancy
 + Level 8.6 Translocations
 + Level 8.6 Transmutations
 + Level 8.6 Fire Magic
 + Level 8.6 Ice Magic
 + Level 8.6 Air Magic
 + Level 8.6 Earth Magic
 + Level 8.6 Poison Magic
 + Level 11.9 Invocations
 + Level 10.2 Evocations


You had 12 spell levels left.
You knew the following spells:

 Your Spells              Type           Power        Failure   Level  Hunger
a - Freeze                Ice            ####         1%          1    None
b - Frozen Ramparts       Ice            ######       1%          3    None
c - Hailstorm             Conj/Ice       ######..     2%          4    None
d - Blink                 Tloc           N/A          1%          2    None
e - Call Imp              Summ           ######..     1%          2    None
f - Corona                Hex            ######.      1%          1    None
g - Slow                  Hex            ######..     1%          2    None
h - Mephitic Cloud        Conj/Pois/Air  ######..     1%          3    None
i - Summon Ice Beast      Ice/Summ       ######..     2%          4    None

Your spell library contained the following spells:

 Spells                   Type           Power        Failure   Level  Hunger
 Magic Dart               Conj           ####         1%          1    None
 Ensorcelled Hibernation  Hex/Ice        ######       1%          2    None
 Confusing Touch          Hex            ######..     1%          3    None
 Conjure Flame            Conj/Fire      ######..     1%          3    None
 Dazzling Flash           Conj/Hex       ######       1%          3    None
 Ozocubu's Armour         Chrm/Ice       ######..     1%          3    None
 Tukima's Dance           Hex            ######..     1%          3    None


Dungeon Overview and Level Annotations

Branches:
Dungeon (11/15)            Temple (1/1) D:6            Lair (6/6) D:10
 Shoals (1/4) Lair:3        Snake (1/4) Lair:4        Slime (0/5) Lair:6
    Orc (2/2) D:9             Elf (0/3) Orc:2         Sewer (visited)

Altars:
Ashenzari
Cheibriados
Dithmenos
Elyvilon
Fedhas
Gozag
Hepliaklqana
Kikubaaqudgha
Makhleb
Nemelex Xobeh
Okawaru
Qazlal
Ru
Sif Muna
Trog
Uskayaw
Vehumet
Wu Jian
Xom
Yredelemnul
Zin
The Shining One
Jiyva

Shops:
D:10 ?   D:11 :   Orc:2 (%([

Annotations:
D:9 2 transporters
Lair:6 1 runed translucent door
Snake:2 Aizul, Vashnia


Innate Abilities, Weirdness & Mutations

Your experience applies equally to all skills.
You have very sharp teeth.
Your uncanny sense of smell can sniff out nearby items.


Message History

The naga sharpshooter spits poison at you.
The splash of poison misses you.
Casting: Summon Ice Beast (mildly dangerous; 2% risk of failure)
Confirm with . or Enter, or press ? or * to list all spells.
A chill wind blows around you.
Your surroundings suddenly seem different.
You feel sick.
Vashnia unwields a +4 vampiric glaive.
Vashnia wields a +0 arbalest.
Vashnia shoots a bolt.
The bolt hits you!
* * * LOW HITPOINT WARNING * * *
The naga sharpshooter spits poison at you.
You block the splash of poison.
A naga sharpshooter comes into view. It is wielding a +0 shortbow.
The naga sharpshooter gestures wildly while chanting.
The naga sharpshooter magically shoots an arrow.
The arrow hits you!
* * * LOW HITPOINT WARNING * * *
The naga sharpshooter gestures wildly while chanting.
The naga sharpshooter magically shoots an arrow.
The arrow hits you!!
You die...

## ..# #. .. ..
.. #. ####.
#......
##.#..###
#.......#.#####
#.@.........#
#........YY.#
#.........((#
#....N....§Y#
#...........#
#......NN...#
#...........#
#..N.NN.....#
S.......#


You could see Vashnia, 4 naga sharpshooters, a naga mage (fast) and a friendly
ice beast (summoned).

Vanquished Creatures
  The ghost of Guery the Severer, an adept HOFi of Beogh (Shoals:1)
  3 ettins
  A merfolk impaler (Shoals:1)
  An ice dragon (Lair:6)
  A hydra (Lair:6)
  5 anacondas (Snake:1)
  A catoblepas (Lair:3)
  2 naga warriors (Snake:1)
  Erica (Lair:1)
  9 two-headed ogres
  2 ogre magi
  Nergalle (Lair:1)
  The ghost of zbzbzb the Thaumaturge, a novice OpCj of Sif Muna (D:9)
  3 sea snakes (Shoals:1)
  A deep troll (Orc:1)
  An ugly thing (D:11)
  2 orc knights (Orc:1)
  A deep elf mage (D:7)
  The ghost of coolguy69 the Sneak, a novice VSMo of Okawaru (D:7)
  3 oklob plants
  A lindwurm (Lair:6)
  A manticore (Shoals:1)
  2 orc sorcerers (Orc:2)
  A mana viper (Snake:1)
  3 cyclopes
  A salamander (Snake:1)
  9 black mambas
  17 elephants
  Joseph (D:7)
  5 naga magi (Snake:1)
  5 torpor snails (Lair:6)
  A water nymph (Shoals:1)
  18 spiny frogs
  3 rime drakes
  5 komodo dragons
  11 trolls
  3 merfolk (Shoals:1)
  3 raiju (Lair:6)
  4 tyrant leeches (Lair:6)
  9 polar bears (Lair:6)
  A snapping turtle (Lair:3)
  8 hornets
  13 blink frogs
  9 hippogriffs
  9 dream sheep
  26 yaks
  A wyvern (Lair:6)
  A shadow (D:11)
  Grum (D:8)
  6 water elementals (Shoals:1)
  A wraith (D:11)
  4 basilisks
  3 hungry ghosts
  9 wargs
  10 nagas
  4 porcupines
  12 hell hounds (Lair:6)
  9 water moccasins
  A hornet zombie (D:10)
  6 sky beasts
  19 orc warriors
  4 ice beasts
  12 black bears
  2 phantoms
  A necrophage (D:8)
  41 wolves
  7 centaurs
  21 ogres
  7 crocodiles
  14 bullfrogs
  A wyvern skeleton (D:7)
  8 scorpions
  4 wights (D:9)
  4 howler monkeys
  2 electric eels
  3 jellies
  2 quasits
  2 crimson imps
  3 hounds
  14 orc priests
  A centaur skeleton (D:4)
  2 bullfrog skeletons
  10 iguanas
  16 orc wizards
  2 merfolk sirens
  16 worker ants
  2 merfolk avatars
  2 hound skeletons
  2 worker ant zombies (D:7)
  15 adders
  A river rat (Sewer)
  2 shadow imps
  2 adder skeletons
  5 worms
  3 dart slugs
  5 leopard geckos
  79 orcs
  3 bats
  9 giant cockroaches
  6 goblins
  6 hobgoblins
  5 jackals (D:6)
  3 quokkas
  8 ball pythons
  11 frilled lizards
  A giant cockroach zombie (D:6)
  7 kobolds
  2 leopard gecko skeletons
  A leopard gecko zombie (D:7)
  2 quokka skeletons
  26 rats
  A bush (Lair:6)
  A fungus (Lair:6)
  2 plants
708 creatures vanquished.

Vanquished Creatures (collateral kills)
  A merfolk aquamancer (Shoals:1)
  A deep troll (Orc:1)
  An oklob plant (D:11)
  A floating eye (D:11)
  An ogre (Orc:1)
5 creatures vanquished.

Vanquished Creatures (others)
  5 fungi
  19 plants
24 creatures vanquished.

Grand Total: 737 creatures vanquished

Notes
Turn   | Place    | Note
-------+----------+-------------------------------------------
     0 | Abyss:1  | thirtiethelement the Gnoll Abyssal Knight began the quest
                  | for the Orb.
     0 | Abyss:1  | Reached XP level 1. HP: 23/23 MP: 3/3
     0 | Abyss:1  | Noticed a starcursed mass
     2 | Abyss:1  | Got an ivory scimitar
     2 | Abyss:1  | Noticed a glowing orange brain
     2 | Abyss:1  | a lindwurm changed into a glowing orange brain
     3 | Abyss:1  | Noticed a small abomination
     3 | Abyss:1  | Noticed a small abomination
     4 | Abyss:1  | Got a fine steel ring
     4 | Abyss:1  | Noticed a torpor snail
     4 | Abyss:1  | a glowing orange brain changed into a torpor snail
     5 | Abyss:1  | Noticed a spatial maelstrom
     5 | D:1      | Escaped the Abyss
     6 | D:1      | Identified the +7 scimitar "Ryuthrue" {pain, rElec rF- MP-9
                  | Int+8} (You found it on level 1 of the Abyss)
     7 | D:1      | Identified the ring "Yceisch" {*Drain rF+ rN+ MR+ Str+4}
                  | (You found it on level 1 of the Abyss)
   153 | D:1      | Reached XP level 2. HP: 29/29 MP: 0/5
   180 | D:1      | Reached * piety under Lugonu
   429 | D:1      | Reached XP level 3. HP: 35/35 MP: 0/6
   486 | D:2      | Found a blossoming altar of Fedhas.
  1301 | D:3      | Reached ** piety under Lugonu
  1301 | D:3      | Reached skill level 1 in Short Blades
  1301 | D:3      | Reached skill level 1 in Long Blades
  1301 | D:3      | Reached skill level 1 in Maces & Flails
  1301 | D:3      | Reached skill level 1 in Polearms
  1301 | D:3      | Reached skill level 1 in Staves
  1301 | D:3      | Reached skill level 1 in Slings
  1301 | D:3      | Reached skill level 1 in Bows
  1301 | D:3      | Reached skill level 1 in Crossbows
  1301 | D:3      | Reached skill level 1 in Throwing
  1301 | D:3      | Reached skill level 1 in Stealth
  1301 | D:3      | Reached skill level 1 in Shields
  1301 | D:3      | Reached skill level 1 in Unarmed Combat
  1301 | D:3      | Reached skill level 1 in Spellcasting
  1301 | D:3      | Reached skill level 1 in Evocations
  1301 | D:3      | Reached XP level 4. HP: 41/41 MP: 0/7
  1349 | D:3      | Noticed a centaur
  1358 | D:3      | Killed a centaur
  1358 | D:3      | Reached skill level 1 in Conjurations
  1358 | D:3      | Reached skill level 1 in Hexes
  1358 | D:3      | Reached skill level 1 in Charms
  1358 | D:3      | Reached skill level 1 in Summonings
  1358 | D:3      | Reached skill level 1 in Necromancy
  1358 | D:3      | Reached skill level 1 in Translocations
  1358 | D:3      | Reached skill level 1 in Transmutations
  1358 | D:3      | Reached skill level 1 in Fire Magic
  1358 | D:3      | Reached skill level 1 in Ice Magic
  1358 | D:3      | Reached skill level 1 in Air Magic
  1358 | D:3      | Reached skill level 1 in Earth Magic
  1358 | D:3      | Reached skill level 1 in Poison Magic
  1358 | D:3      | Reached XP level 5. HP: 32/47 MP: 0/8
  1917 | D:3      | Found a radiant altar of Vehumet.
  2019 | D:4      | Reached skill level 5 in Invocations
  2019 | D:4      | Reached XP level 6. HP: 53/53 MP: 0/9
  2146 | D:4      | Found a glowing drain.
  2170 | D:4      | Reached skill level 5 in Axes
  2170 | D:4      | Reached skill level 5 in Armour
  2198 | Sewer    | Entered a sewer
  2314 | Sewer    | Reached *** piety under Lugonu
  2701 | D:4      | Reached XP level 7. HP: 51/59 MP: 1/10
  2956 | D:4      | Found a shattered altar of Ashenzari.
  3259 | D:4      | Reached **** piety under Lugonu
  3550 | D:5      | Entered Level 5 of the Dungeon
  3566 | D:4      | Reached XP level 8. HP: 52/67 MP: 3/12
  3644 | D:5      | Learned a level 1 spell: Freeze
  3648 | D:5      | Learned a level 3 spell: Frozen Ramparts
  3653 | D:5      | Learned a level 4 spell: Hailstorm
  3931 | D:5      | Learned a level 2 spell: Blink
  3934 | D:5      | Learned a level 2 spell: Call Imp
  4305 | D:5      | Reached XP level 9. HP: 72/72 MP: 5/14
  4434 | D:5      | Found a sacrificial altar of Ru.
  4496 | D:6      | Found an iron altar of Okawaru.
  4583 | D:6      | Found a hazy altar of Hepliaklqana.
  4606 | D:6      | Found a staircase to the Ecumenical Temple.
  4687 | D:6      | Found an opulent altar of Gozag.
  4836 | D:6      | Identified the +9 trident "Qeraubof" {flame, rPois rC+
                  | Dex-3} (You found it on level 6 of the Dungeon)
  5141 | D:7      | Noticed a deep elf mage
  5153 | D:7      | Killed a deep elf mage
  5153 | D:7      | Reached skill level 5 in Dodging
  5760 | D:7      | Found a runed translucent door.
  5760 | D:7      | Noticed coolguy69's ghost (novice VSMo)
  5786 | D:7      | Killed coolguy69's ghost
  5786 | D:7      | Reached XP level 10. HP: 77/80 MP: 6/17
  5944 | D:7      | Reached ***** piety under Lugonu
  5970 | D:7      | Reached skill level 5 in Short Blades
  5970 | D:7      | Reached skill level 5 in Long Blades
  5970 | D:7      | Reached skill level 5 in Maces & Flails
  5970 | D:7      | Reached skill level 5 in Polearms
  5970 | D:7      | Reached skill level 5 in Staves
  5970 | D:7      | Reached skill level 5 in Slings
  5970 | D:7      | Reached skill level 5 in Bows
  5970 | D:7      | Reached skill level 5 in Crossbows
  5970 | D:7      | Reached skill level 5 in Throwing
  5970 | D:7      | Reached skill level 5 in Stealth
  5970 | D:7      | Reached skill level 5 in Shields
  5970 | D:7      | Reached skill level 5 in Unarmed Combat
  5970 | D:7      | Reached skill level 5 in Spellcasting
  5970 | D:7      | Reached skill level 5 in Evocations
  5984 | D:7      | Identified the cursed +1 trident "Raffaw" {vorpal, Int+8
                  | Dex-4 SInv} (You found it on level 7 of the Dungeon)
  6125 | D:7      | Found a shimmering blue altar of Sif Muna.
  6427 | Temple   | Entered the Ecumenical Temple
  6621 | D:8      | Noticed Joseph
  6625 | D:8      | Paralysed by Joseph for 6 turns
  6633 | D:8      | Noticed Grum
  6641 | D:7      | Killed Joseph
  6903 | D:8      | Killed Grum
  7333 | D:8      | Found a shadowy altar of Dithmenos.
  7456 | D:8      | Found a shimmering altar of Xom.
  7595 | D:8      | Found a bloodstained altar of Trog.
  7734 | D:9      | Noticed an ice dragon
  7735 | D:9      | Found a glowing golden altar of the Shining One.
  7736 | D:9      | Found a transporter.
  7744 | D:9      | Found a transporter.
  7770 | D:9      | Noticed zbzbzb's ghost (novice OpCj)
  7773 | D:9      | Found a runed translucent door.
  7797 | D:9      | Killed zbzbzb's ghost
  8003 | D:9      | Reached XP level 11. HP: 63/87 MP: 3/19
  8085 | D:9      | Found a shimmering blue altar of Sif Muna.
  8196 | D:9      | Found a staircase to the Orcish Mines.
  8647 | D:10     | Entered Level 10 of the Dungeon
  8647 | D:10     | Found Toozykulia's Magic Scroll Emporium.
  8869 | D:10     | Found a staircase to the Lair.
  8987 | D:10     | Noticed a two-headed ogre
  8998 | D:10     | Killed a two-headed ogre
  8998 | D:10     | Reached skill level 5 in Conjurations
  8998 | D:10     | Reached skill level 5 in Hexes
  8998 | D:10     | Reached skill level 5 in Charms
  8998 | D:10     | Reached skill level 5 in Summonings
  8998 | D:10     | Reached skill level 5 in Necromancy
  8998 | D:10     | Reached skill level 5 in Translocations
  8998 | D:10     | Reached skill level 5 in Transmutations
  8998 | D:10     | Reached skill level 5 in Fire Magic
  8998 | D:10     | Reached skill level 5 in Ice Magic
  8998 | D:10     | Reached skill level 5 in Air Magic
  8998 | D:10     | Reached skill level 5 in Earth Magic
  8998 | D:10     | Reached skill level 5 in Poison Magic
  9461 | D:11     | Noticed a white ugly thing
  9466 | D:11     | Found Fobija's Book Shoppe.
  9479 | D:11     | Killed a white ugly thing
  9493 | D:11     | Bought a book of Maledictions for 350 gold pieces
  9495 | D:11     | Learned a level 1 spell: Corona
  9498 | D:11     | Learned a level 2 spell: Slow
  9502 | D:11     | Learned a level 3 spell: Mephitic Cloud
  9507 | D:11     | Learned a level 4 spell: Summon Ice Beast
  9537 | D:11     | Reached ****** piety under Lugonu
  9888 | D:11     | Noticed an oklob plant
  9935 | D:11     | Noticed an oklob plant
  9937 | D:11     | Noticed an oklob plant
  9939 | D:11     | Paralysed by a floating eye for 2 turns
  9943 | D:11     | Paralysed by a floating eye for 3 turns
  9947 | D:11     | Killed an oklob plant
  9953 | D:11     | Paralysed by a floating eye for 4 turns
  9962 | D:11     | Paralysed by a floating eye for 4 turns
  9971 | D:11     | Paralysed by a floating eye for 2 turns
  9978 | D:11     | Killed an oklob plant
  9978 | D:11     | Paralysed by a floating eye for 2 turns
  9981 | D:11     | Paralysed by a floating eye for 4 turns
 10042 | D:11     | Killed an oklob plant
 10235 | Lair:1   | Entered Level 1 of the Lair of Beasts
 10253 | Lair:1   | Reached XP level 12. HP: 86/96 MP: 13/22
 10253 | Lair:1   | Noticed Erica
 10270 | Lair:1   | Killed Erica
 10693 | Lair:1   | Noticed Nergalle
 10707 | Lair:1   | Killed Nergalle
 11667 | Lair:3   | Noticed a catoblepas
 11680 | Lair:3   | Killed a catoblepas
 11750 | Lair:3   | Reached skill level 10 in Fighting
 11882 | Lair:3   | Found a staircase to the Shoals.
 11950 | Lair:3   | Reached XP level 13. HP: 87/103 MP: 15/24
 12222 | Lair:4   | Found a staircase to the Snake Pit.
 12307 | Lair:4   | Identified the cursed +0 scale mail of the Sun {+Fly rC+}
                  | (You found it on level 4 of the Lair of Beasts)
 13308 | Lair:5   | Reached skill level 10 in Invocations
 13998 | Lair:6   | Entered Level 6 of the Lair of Beasts
 14735 | Lair:6   | Reached XP level 14. HP: 98/111 MP: 13/26
 15083 | Lair:6   | Found a runed translucent door.
 15083 | Lair:6   | Found a viscous altar of Jiyva.
 15083 | Lair:6   | Found a staircase to the Slime Pits.
 15083 | Lair:6   | Noticed an azure jelly
 15083 | Lair:6   | Noticed an azure jelly
 15097 | Lair:6   | Reached skill level 10 in Axes
 15097 | Lair:6   | Reached skill level 10 in Armour
 15126 | Lair:6   | Found a runed translucent door.
 16173 | Orc:1    | Entered Level 1 of the Orcish Mines
 16778 | Orc:2    | Entered Level 2 of the Orcish Mines
 16780 | Orc:2    | Found Oxar's Antique Weapon Shoppe.
 17042 | Orc:1    | Reached XP level 15. HP: 80/119 MP: 5/28
 17259 | Orc:1    | Reached skill level 10 in Dodging
 17429 | Orc:2    | Found a staircase to the Elven Halls.
 17508 | Orc:2    | Found Depsel's Antique Armour Emporium.
 17528 | Orc:2    | Found Lutoaxuike's Food Boutique.
 17536 | Orc:2    | Bought a twisted cloak for 304 gold pieces
 17546 | Orc:2    | Identified the +2 cloak of the Unseen Realm {*Drain Regen+
                  | Int+7 SInv} (You bought it in a shop on level 2 of the
                  | Orcish Mines)
 17550 | Orc:2    | Found Died Tau's Antique Weapon Emporium.
 18234 | Shoals:1 | Entered Level 1 of the Shoals
 18472 | Shoals:1 | HP: 1/120 [water nymph/the raging water (37)]
 18679 | Shoals:1 | Reached skill level 10 in Short Blades
 18679 | Shoals:1 | Reached skill level 10 in Long Blades
 18679 | Shoals:1 | Reached skill level 10 in Maces & Flails
 18679 | Shoals:1 | Reached skill level 10 in Polearms
 18679 | Shoals:1 | Reached skill level 10 in Staves
 18679 | Shoals:1 | Reached skill level 10 in Slings
 18679 | Shoals:1 | Reached skill level 10 in Bows
 18679 | Shoals:1 | Reached skill level 10 in Crossbows
 18679 | Shoals:1 | Reached skill level 10 in Throwing
 18679 | Shoals:1 | Reached skill level 10 in Stealth
 18679 | Shoals:1 | Reached skill level 10 in Shields
 18679 | Shoals:1 | Reached skill level 10 in Unarmed Combat
 18679 | Shoals:1 | Reached skill level 10 in Spellcasting
 18679 | Shoals:1 | Reached skill level 10 in Evocations
 18728 | Shoals:1 | Found a runed translucent door.
 18741 | Shoals:1 | Noticed Guery's ghost (adept HOFi)
 18795 | Shoals:1 | Killed Guery's ghost
 19103 | Snake:1  | Entered Level 1 of the Snake Pit
 19543 | Snake:1  | You fall into a shaft and drop 1 floor!
 19544 | Snake:2  | Noticed Aizul
 19550 | Snake:2  | Noticed Vashnia
 19557 | Snake:2  | Shot with an arrow by a naga sharpshooter

Illustrated notes

Levels and vault maps discovered:
D:1:      onia_arrival_handbag, layout_rooms
D:2:      layout_loops_corners, fedhas_altar_4, minmay_worlds_worst_comb
D:3:      layout_loops_cross, overflow_temple_1_default, first_ration
D:4:      layout_basic, ashenzari_conservatory_becter,
          cheibrodos_sewer_entry_sluice
D:5:      layout_basic, nicolae_ru_the_path_less_chosen
D:6:      layout_basic, kennysheep_okawaru_gauntlet,
          nicolae_overflow_hidden_temple, minmay_temple_entry_from_below_a,
          minmay_puff
D:7:      layout_rooms, nicolae_overflow_crystal_walls, gammafunk_ghost_grave
D:8:      layout_cave_pools, lemuel_doored_altar, tgw_xom, bloody_trog,
          uniq_grum, uniq_joseph
D:9:      layout_irregular_city, gammafunk_temple_overflow_arena, erik_orc_4,
          basic_altar, hellmonk_ghost_happy_afterlife
D:10:     layout_rooms, lair_entry_dummy, serial_shops, shop
D:11:     layout_roguey, serial_shops, nicolae_shop_crystal,
          chequers_serial_rivers_small_3, disabler_island
Temple:   jpeg_temple_alley_garden
Lair:1:   layout_loops_ring, st_stairs_13, uniq_erica, uniq_nergalle
Lair:2:   layout_roguey
Lair:3:   layout_cave_shapes, minmay_shoals_entry_hut
Lair:4:   layout_cave_pods, guppyfry_snake_entry_island, serial_bayou_shore_a
Lair:5:   layout_loops_ring, bh_autumn_forest_stairs
Lair:6:   wormcave, layout_gridlike, hangedman_lair_caniforms_friends,
          slime_altar_2, grunt_forest_large_clearings
Shoals:1: layout_shoals, ebering_ghost_reflecting_pool
Snake:1:  layout_layer_cave, ebering_ghost_reflecting_pool
Snake:2:  layout_rooms, uniq_vashnia, uniq_aizul
Orc:1:    layout_caves
Orc:2:    st_orc_open, layout_caves, mines3_lemuel

Skill      XL: |  1  2  3  4  5  6  7  8  9 10 11 12 13 14 15 |
---------------+----------------------------------------------+-----
Short Blades   | 1 2 3 4 5 6 7 8 9 10 | 10.2
Long Blades    | 1 2 3 4 5 6 7 8 9 10 | 10.2
Maces & Flails | 1 2 3 4 5 6 7 8 9 10 | 10.2
Polearms       | 1 2 3 4 5 6 7 8 9 10 | 10.2
Staves         | 1 2 3 4 5 6 7 8 9 10 | 10.2
Slings         | 1 2 3 4 5 6 7 8 9 10 | 10.2
Bows           | 1 2 3 4 5 6 7 8 9 10 | 10.2
Crossbows      | 1 2 3 4 5 6 7 8 9 10 | 10.2
Throwing       | 1 2 3 4 5 6 7 8 9 10 | 10.2
Stealth        | 1 2 3 4 5 6 7 8 9 10 | 10.2
Shields        | 1 2 3 4 5 6 7 8 9 10 | 10.2
Unarmed Combat | 1 2 3 4 5 6 7 8 9 10 | 10.2
Spellcasting   | 1 2 3 4 5 6 7 8 9 10 | 10.2
Evocations     | 1 2 3 4 5 6 7 8 9 10 | 10.2
Conjurations   | 1 2 3 4 5 6 7 8 |  8.6
Hexes          | 1 2 3 4 5 6 7 8 |  8.6
Charms         | 1 2 3 4 5 6 7 8 |  8.6
Summonings     | 1 2 3 4 5 6 7 8 |  8.6
Necromancy     | 1 2 3 4 5 6 7 8 |  8.6
Translocations | 1 2 3 4 5 6 7 8 |  8.6
Transmutations | 1 2 3 4 5 6 7 8 |  8.6
Fire Magic     | 1 2 3 4 5 6 7 8 |  8.6
Ice Magic      | 1 2 3 4 5 6 7 8 |  8.6
Air Magic      | 1 2 3 4 5 6 7 8 |  8.6
Earth Magic    | 1 2 3 4 5 6 7 8 |  8.6
Poison Magic   | 1 2 3 4 5 6 7 8 |  8.6
Dodging        | 3 4 5 6 7 8 9 10 | 10.5
Invocations    | 5 6 7 8 9 10 11 | 11.9
Axes           | 5 6 7 8 9 10 11 | 11.1
Armour         | 5 6 7 8 9 10 11 | 11.1
Fighting       | 7 8 9 10 11 | 11.9

Action                   |  1- 3 |  4- 6 |  7- 9 | 10-12 | 13-15 || total
-------------------------+-------+-------+-------+-------+-------++-------
Melee: Scimitar          |    67 |   126 |   179 |   485 |   977 ||  1834
       Bite              |    10 |    14 |    17 |    85 |   154 ||   280
       Punch             |     1 |     2 |     2 |     8 |       ||    13
Throw: Dart              |       |       |     1 |     7 |     4 ||    12
 Cast: Freeze            |       |       |     3 |       |       ||     3
       Frozen Ramparts   |       |       |     3 |     3 |    13 ||    19
       Summon Ice Beast  |       |       |       |     5 |    18 ||    23
       Mephitic Cloud    |       |       |       |     1 |     7 ||     8
       Blink             |       |       |       |       |    17 ||    17
       Hailstorm         |       |       |       |       |    17 ||    17
       Slow              |       |       |       |       |     1 ||     1
Invok: Depart the Abyss  |     1 |       |       |       |       ||     1
Evoke: Wand              |       |       |       |     3 |    17 ||    20
       Lightning rod     |       |       |       |       |     8 ||     8
  Use: Scroll            |     8 |     2 |    15 |    15 |    16 ||    56
       Potion            |       |       |     2 |     2 |    12 ||    16
 Stab: Sleeping          |       |     1 |     2 |     7 |    10 ||    20
       Paralysed         |       |       |       |     9 |       ||     9
       Confused          |       |       |       |     2 |     2 ||     4
       Distracted        |       |       |       |       |     2 ||     2
       Invisible         |       |       |       |       |     1 ||     1
  Eat: Ration            |     1 |     1 |     4 |     6 |     8 ||    20
Armor: Leather armour    |     6 |       |       |       |       ||     6
       Ring mail         |    16 |    41 |    85 |   212 |   367 ||   721
Dodge: Dodged            |    30 |    83 |   136 |   306 |   691 ||  1246
Block: Kite shield       |       |       |       |   159 |   680 ||   839
       Rpst.: Scimitar   |     8 |    24 |    47 |    80 |   146 ||   305

Table legend:
 A = Non-vault XP
 B = Vault XP
 C = Vault XP percentage of total XP
 D = Non-vault monster count
 E = Vault monster count
 F = Vault count percentage of total count
                 A         B        C        D         E       F
            +---------+---------+-------+---------+---------+-------
      Total |   82552 |   43596 |  34.6 |     489 |     220 |  31.0
            +---------+---------+-------+---------+---------+-------
        D:1 |      30 |       4 |  11.8 |      16 |       4 |  20.0
        D:2 |      28 |       8 |  22.2 |      13 |       4 |  23.5
        D:3 |     222 |       0 |   0.0 |      20 |       0 |   0.0
        D:4 |     922 |       7 |   0.8 |      37 |       3 |   7.5
        D:5 |    1070 |       0 |   0.0 |      21 |       0 |   0.0
        D:6 |     786 |      40 |   4.8 |      21 |       4 |  16.0
        D:7 |    2098 |    1176 |  35.9 |      32 |       3 |   8.6
        D:8 |     887 |     334 |  27.4 |      12 |       5 |  29.4
        D:9 |    1374 |    1250 |  47.6 |      27 |      16 |  37.2
       D:10 |    3180 |       0 |   0.0 |      26 |       0 |   0.0
       D:11 |    3040 |    1306 |  30.1 |      24 |       4 |  14.3
     Lair:1 |    2740 |    1962 |  41.7 |      15 |       3 |  16.7
     Lair:2 |    4530 |       0 |   0.0 |      16 |       0 |   0.0
     Lair:3 |    5745 |     268 |   4.5 |      18 |       1 |   5.3
     Lair:4 |    5294 |     498 |   8.6 |      16 |       3 |  15.8
     Lair:5 |    9808 |       0 |   0.0 |      40 |       0 |   0.0
     Lair:6 |    8596 |   18950 |  68.8 |      28 |      95 |  77.2
   Shoals:1 |    8580 |    1735 |  16.8 |      18 |       1 |   5.3
    Snake:1 |   13656 |       0 |   0.0 |      27 |       0 |   0.0
      Orc:1 |    5713 |    9560 |  62.6 |      44 |      19 |  30.2
      Orc:2 |    4253 |    6332 |  59.8 |      18 |      19 |  51.4
      Sewer |       0 |     166 | 100.0 |       0 |      36 | 100.0
            +---------+---------+-------+---------+---------+-------
